 Dungeon Crawl Stone Soup version 0.31.0-9-g3a7656b989 (webtiles) character file.

Game seed: 1514872768704915826

764 qw the Shooter (level 7, -3/30 (35) HPs)
             Began as a Spriggan Hunter on Feb 2, 2024.
             Slain by Edmund
             ... wielding a +6 dire flail of draining
              (7 damage)
             ... on level 4 of the Dungeon.
             The game lasted 00:00:10 (2234 turns).

qw the Shooter (Spriggan Hunter)                    Turns: 2234, Time: 00:00:11

HP:   -3/30 (35)    AC:  3    Str:  7    XL:     7   Next: 51%
MP:   8/8           EV: 22    Int: 11    God:
Gold: 114           SH:  0    Dex: 20    Spells: 6/6 levels left

rFire   . . .        a - +1 shortbow
rCold   . . .        (shield currently unavailable)
rNeg    . . .        h - +1 robe {Will+}
rPois   .            (helmet restricted)
rElec   .            (no cloak)
rCorr   .            (gloves unavailable)
SInv    +            (boots unavailable)
Will    ++...        (no amulet)
Stlth   ++           (no ring)
HPRegen 0.25/turn    (no ring)
MPRegen 0.11/turn

%: no passive effects
@: heavily drained, very quick
A: very small, no large weapons, unfitting armour, see invisible, speed 3
a: no special abilities


You were on level 4 of the Dungeon.
You visited 1 branch of the dungeon, and saw 4 of its levels.

You collected 114 gold pieces.


Innate Abilities, Weirdness & Mutations

You are very small and have problems with some larger weapons.
You are too small for most types of armour.
You have supernaturally acute eyesight. (SInv)
You cover ground extremely quickly. (Speed+++)


   Skills:
 - Level 2.0 Fighting
 + Level 7.7 Ranged Weapons
 - Level 7.1 Dodging
 - Level 1.5 Stealth


You had 6 spell levels left.
You didn't know any spells.
Your spell library was empty.

Inventory:

Hand Weapons
 a - a +1 shortbow (weapon)
Armour
 h - a +1 robe of willpower (worn)
Wands
 f - a wand of iceblast (1)
 i - a wand of polymorph (13)
Scrolls
 b - a scroll of fog {unknown}
 c - a scroll of enchant armour
Potions
 d - a potion of lignification {unknown}
 e - a potion of might
 g - 2 potions of curing
 j - a potion of enlightenment

Dungeon Overview and Level Annotations

Branches:
Dungeon (4/15)
 Temple: D:4-7

Altars:
Dithmenos
Elyvilon
Gozag
Uskayaw
Yredelemnul

Shops:
D:1 :

Annotations:
D:4 Edmund, Pargi


Message History

Edmund is lightly wounded.
Edmund hits you with a +6 dire flail of draining!
You feel drained.
You shoot an arrow. The arrow barely misses Edmund.
Edmund hits you with a +6 dire flail of draining!
You feel drained.
You shoot an arrow. The arrow barely misses Edmund.
Edmund misses you.
You shoot an arrow. The arrow hits Edmund.
Edmund is moderately wounded.
Edmund misses you.
You shoot an arrow. The arrow closely misses Edmund.
Edmund says, "You wouldn't believe how much I paid for this flail."
Edmund closely misses you.
You shoot an arrow.
The arrow hits Edmund but does no damage.
Edmund is moderately wounded.
Edmund misses you.
You shoot an arrow. The arrow hits Edmund!
Edmund is heavily wounded.
Edmund closely misses you.
You shoot an arrow. The arrow barely misses Edmund.
Edmund completely misses you.
You shoot an arrow. The arrow barely misses Edmund.
Edmund misses you.
You shoot an arrow.
The arrow hits Edmund but does no damage.
Edmund is heavily wounded.
Edmund misses you.
You shoot an arrow. The arrow hits Edmund!
Edmund is severely wounded.
Edmund misses you.
You shoot an arrow. The arrow completely misses Edmund.
Edmund completely misses you.
You shoot an arrow.
The arrow hits Edmund but does no damage.
Edmund is severely wounded.
Edmund hits you with a +6 dire flail of draining!
You die...
Edmund whines, "They better pay attention to me now!"

........<...#)#... #....
.....%##.#..#.... #..##
#####%##.#..#...# ######
#...#.##.#...# ##8##
#...###..#...#### #8...8 #...#
#..#...#~~# #..... ##'##
#......#..#. _....._ #.#
#.....@#).#. ##.....#
#####.####..#...@..#.######8...8#
......##....#..##..#..#..#
............#..[#..#.....#_..).._
............#..##.##.....# .....#
.....^......#.##...#.#...# 8.T.8
.##.........#......#....## #>## .
#.........#..#####.....# ###
#######.#.#..#.PP..###.## #.#
#...####.P....##..###.#


You could see Edmund.

Vanquished Creatures
  Sigmund (D:4)
  2 black bears (D:4)
  An ogre (D:4)
  A phantom (D:3)
  2 hounds (D:4)
  A jelly (D:3)
  A sleepcap (D:4)
  An iguana (D:4)
  6 adders
  A dart slug (D:4)
  4 ribbon worms
  An orc (D:3)
  3 ball pythons
  5 bats
  8 endoplasms
  4 giant cockroaches
  2 goblins (D:3)
  9 hobgoblins
  A quokka (D:4)
  7 kobolds
  9 rats
70 creatures vanquished.

Notes
Turn   | Place    | Note
-------+----------+-------------------------------------------
     0 | D:1      | qw the Spriggan Hunter began the quest for the Orb.
     0 | D:1      | Reached XP level 1. HP: 10/10 MP: 2/2
     0 | D:1      | 0 ||| qw: Version: 0.3-a-155-g5e7d8dd
     0 | D:1      | 0 ||| qw: Game counter: 528
     0 | D:1      | 0 ||| qw: Melee chars always use a shield: true
     0 | D:1      | 0 ||| qw: God list: Okawaru
     0 | D:1      | 0 ||| qw: Allow faded altars: false
     0 | D:1      | 0 ||| qw: Do Orc after clearing Dungeon:15 true
     0 | D:1      | 0 ||| qw: Do second Lair branch before Depths: true
     0 | D:1      | 0 ||| qw: Lair rune preference: random
     0 | D:1      | 0 ||| qw: Goals: Normal
     0 | D:1      | 0 ||| PLANNING D:1-11
    13 | D:1      | Reached skill level 3 in Dodging
    99 | D:1      | Reached XP level 2. HP: 14/14 MP: 3/3
   232 | D:1      | Found Lerixank's Book Shoppe.
   524 | D:1      | 524 ||| READING scroll labelled OPUHENANOM.
   525 | D:1      | 525 ||| READING 4 scrolls labelled QEDIDGH ARHI.
   525 | D:1      | 525 ||| IDENTIFYING fizzy emerald potion
   526 | D:1      | 526 ||| READING 3 scrolls of identify.
   526 | D:1      | 526 ||| IDENTIFYING yellow potion
   527 | D:1      | 527 ||| READING 2 scrolls of identify.
   527 | D:1      | 527 ||| IDENTIFYING puce potion
   528 | D:1      | 528 ||| DROPPING scroll of butterflies.
   529 | D:1      | 529 ||| DROPPING potion of magic.
   530 | D:1      | 530 ||| DROPPING potion of degeneration.
   626 | D:2      | Reached XP level 3. HP: 18/18 MP: 4/4
   866 | D:2      | Found a faded altar of an unknown god.
  1086 | D:2      | 1086 ||| DROPPING ring of flight.
  1087 | D:2      | 1087 ||| READING 4 scrolls of identify.
  1087 | D:2      | 1087 ||| IDENTIFYING golden potion
  1088 | D:2      | 1088 ||| READING 3 scrolls of identify.
  1088 | D:2      | 1088 ||| IDENTIFYING orange potion
  1089 | D:2      | 1089 ||| READING 2 scrolls of identify.
  1089 | D:2      | 1089 ||| IDENTIFYING 2 smoky dark potions
  1090 | D:2      | 1090 ||| READING scroll of identify.
  1090 | D:2      | 1090 ||| IDENTIFYING scroll labelled IPEVOA EREBB
  1091 | D:2      | 1091 ||| READING scroll of enchant weapon.
  1091 | D:2      | 1091 ||| ENCHANTING +0 shortbow.
  1092 | D:2      | 1092 ||| READING scroll labelled HASITZAORI.
  1093 | D:2      | 1093 ||| DROPPING 2 potions of ambrosia.
  1104 | D:3      | Found a shadowy altar of Dithmenos.
  1108 | D:3      | Noticed a phantom
  1113 | D:3      | 1113 ||| RETREEEEATING.
  1114 | D:3      | 1114 ||| RETREEEEATING.
  1115 | D:3      | 1115 ||| RETREEEEATING.
  1116 | D:3      | 1116 ||| RETREEEEATING.
  1117 | D:3      | 1117 ||| RETREEEEATING.
  1121 | D:3      | 1121 ||| RETREEEEATING.
  1123 | D:3      | Reached XP level 4. HP: 18/22 MP: 5/5
  1130 | D:3      | Killed a phantom
  1131 | D:3      | Reached XP level 5. HP: 18/25 MP: 6/6
  1429 | D:3      | 1429 ||| UPGRADING to +1 robe of willpower.
  1432 | D:3      | 1432 ||| UPGRADING to +1 robe of willpower.
  1467 | D:3      | 1467 ||| DROPPING +0 robe.
  1742 | D:3      | 1742 ||| DROPPING ring of wizardry.
  1743 | D:3      | 1743 ||| READING scroll labelled UNLONT OSYTZA.
  1744 | D:3      | 1744 ||| READING scroll labelled GUEJOAXO MINA.
  1744 | D:3      | 1744 ||| ENCHANTING +1 shortbow.
  1745 | D:3      | 1745 ||| READING scroll labelled BOTWEEKK VIAGH.
  1805 | D:4      | 1805 ||| STAIRDANCE
  1850 | D:4      | Found a white marble altar of Elyvilon.
  1852 | D:4      | Found an opulent altar of Gozag.
  1886 | D:4      | Reached XP level 6. HP: 30/30 MP: 7/7
  1908 | D:4      | Reached skill level 6 in Ranged Weapons
  1928 | D:4      | Reached skill level 6 in Dodging
  2047 | D:4      | Found a basalt altar of Yredelemnul.
  2047 | D:4      | Noticed Pargi
  2049 | D:4      | Found a hide-covered altar of Uskayaw.
  2106 | D:4      | Reached XP level 7. HP: 35/35 MP: 8/8
  2207 | D:4      | Noticed Sigmund
  2208 | D:4      | 2208 ||| ZAPPING wand of iceblast (3) at 3,-2 (Sigmund;
                  | floor).
  2209 | D:4      | 2209 ||| ZAPPING wand of iceblast (2) at 2,-1 (Sigmund;
                  | floor).
  2209 | D:4      | Killed Sigmund
  2217 | D:4      | Noticed Edmund
  2223 | D:4      | HP: 2/32 [Edmund/+6 dire flail of draining (7)]
  2234 | D:4      | Slain by Edmund

Levels and vault maps discovered:
D:1:      nzn_arrival_crosshair, layout_loops_ring, serial_shops, shop,
          serial_forest, infiniplex_forest_clump_diagonal,
          infiniplex_forest_lined_corner, infiniplex_forest_straight_4,
          infiniplex_forest_clump_medium, infiniplex_forest_clump_tiny
D:2:      layout_rooms, shapermc_ecumenical_altar_gd, kennysheep_generic_room_13
D:3:      layout_loops_cross, grunt_dithmenos_smoke_and_mirrors,
          minmay_surrounded
D:4:      layout_basic, nicolae_overflow_hidden_temple,
          sigmund_edmund_badplayer, uniq_pargi, uniq_natasha

Skill      XL: |  1  2  3  4  5  6  7 |
---------------+----------------------+-----
Dodging        | 3 4 5 6 7 |  7.1
Ranged Weapons | 5 7 |  7.7
Fighting       | 2 |  2.0
Stealth        | |  1.5

Action                     |  1- 3 |  4- 6 |  7- 9 || total
---------------------------+-------+-------+-------++-------
   Fire: Shortbow          |    93 |    99 |    30 ||   222
  Evoke: Wand              |       |       |     2 ||     2
    Use: Scroll            |    10 |     3 |       ||    13
 Armour: Robe              |    13 |     9 |    13 ||    35
         Skin              |       |     1 |       ||     1
  Dodge: Dodged            |    26 |    60 |    35 ||   121

Table legend:
 A = Non-vault XP
 B = Vault XP
 C = Vault XP percentage of total XP
 D = Non-vault monster count
 E = Vault monster count
 F = Vault count percentage of total count
                 A         B        C        D         E       F
            +---------+---------+-------+---------+---------+-------
      Total |     858 |     234 |  21.4 |      63 |       7 |  10.0
            +---------+---------+-------+---------+---------+-------
        D:1 |      21 |       0 |   0.0 |      13 |       0 |   0.0
        D:2 |      71 |       1 |   1.4 |      20 |       1 |   4.8
        D:3 |     195 |      10 |   4.9 |      15 |       5 |  25.0
        D:4 |     571 |     223 |  28.1 |      15 |       1 |   6.2
            +---------+---------+-------+---------+---------+-------
